 Dungeon Crawl Stone Soup version 0.28.0-49-g6dfe1f597d (webtiles) character file.

Game seed: 17998593296270222470

23 Zeld the Chopper (level 3, -1/33 HPs)
             Began as a Hill Orc Monk on May 18, 2022.
             Succumbed to an adder's poison
             ... on level 2 of the Dungeon.
             The game lasted 00:00:46 (479 turns).

Zeld the Chopper (Hill Orc Monk)                     Turns: 479, Time: 00:00:46

Health: -1/33      AC:  2    Str: 15    XL:     3   Next: 0%
Magic:  3/3        EV: 10    Int: 10    God:
Gold:   5          SH:  7    Dex: 13    Spells: 2/2 levels left

rFire   . . .      SeeInvis .   a - +0 hand axe
rCold   . . .      Faith    .   q - +0 kite shield
rNeg    . . .      Spirit   .   b - +0 robe
rPois   .          Reflect  .   (no helmet)
rElec   .          Harm     .   (no cloak)
rCorr   .          Rampage  .   (no gloves)
Will    .....                   (no boots)
Stlth   ++........              (no amulet)
HPRegen 0.11/turn               (no ring)
MPRegen 0.08/turn               (no ring)

@: lethally poisoned (-1 -> -4)
A: no striking features
a: no special abilities


You were on level 2 of the Dungeon.
You visited 1 branch of the dungeon, and saw 2 of its levels.

You collected 5 gold pieces.

Inventory:

Hand Weapons
 a - a +0 hand axe (weapon)
Armour
 b - a +0 robe (worn)
 q - a +0 kite shield (worn)
Scrolls
 c - a scroll of magic mapping {unknown}
 d - 2 scrolls of teleportation {unknown}


   Skills:
 * Level 4.2 Fighting
 * Level 4.6 Axes
 + Level 1.0 Armour
 - Level 2.4 Dodging
 - Level 1.5 Stealth


You had 2 spell levels left.
You didn't know any spells.
Your spell library was empty.

Dungeon Overview and Level Annotations

Branches:
Dungeon (2/15)

Altars:


Message History

The adder is moderately wounded.
You block the adder's attack. The adder bites you.
You hit the adder but do no damage.
The adder is moderately wounded.
The adder bites you.
You are poisoned.
The adder poisons you! The adder bites you.
You are more poisoned.
The adder poisons you!
You miss the adder.
The adder is moderately wounded.
You feel very sick. You block the adder's attack.
You slash the adder!
You kill the adder!
You feel sick.
Your Armour skill increases to level 1!
You have reached level 3!
Your experience leads to an increase in your attributes!
Increase (S)trength, (I)ntelligence, or (D)exterity?
You feel stronger. x2
You barely miss the hobgoblin.
You feel very sick. The hobgoblin hits you. x2
* * * LOW HITPOINT WARNING * * *
You barely miss the hobgoblin.
* * * LOW HITPOINT WARNING * * *
You feel sick. The hobgoblin hits you.
* * * LOW HITPOINT WARNING * * *
Press: ? - help, v - describe, . - travel
Here: a hobgoblin The floor.
You hit the hobgoblin.
The hobgoblin is almost dead.
* * * LOW HITPOINT WARNING * * *
You feel sick. The hobgoblin closely misses you.
Unknown command.
You hit the hobgoblin.
You kill the hobgoblin!
You die...

##### ##>..## ##.###.## .
#.#...#.#################.S
#.#...#...@........##......
#.#...#.####.##.##.##.####.
##.###.## #.##.##.##.###
##...## #.##.S..S....##
###.### #.#####.##.#.##.
#.....# ##.#####.#.......
#.#.#.####........#.......
#>.......#.......##.#..#.#
#.###.#..#.......##.#....#


There were no monsters in sight!

Vanquished Creatures
  2 adders (D:2)
  An endoplasm (D:1)
  A giant cockroach (D:2)
  A hobgoblin (D:2)
  A quokka (D:2)
  2 ball pythons (D:2)
8 creatures vanquished.

Notes
Turn   | Place    | Note
-------+----------+-------------------------------------------
     0 | D:1      | Zeld the Hill Orc Monk began the quest for the Orb.
     0 | D:1      | Reached XP level 1. HP: 19/19 MP: 1/1
   271 | D:2      | Reached XP level 2. HP: 17/27 MP: 2/2
   452 | D:2      | Found a faded altar of an unknown god.
   476 | D:2      | Reached skill level 1 in Armour
   476 | D:2      | Reached XP level 3. HP: 14/33 MP: 3/3
   478 | D:2      | HP: 1/33 [poisoned by an adder]
   479 | D:2      | Succumbed to an adder's poison

Illustrated notes

Levels and vault maps discovered:
D:1:      giann_wishing_wells, layout_basic, minmay_misc_feat_chi
D:2:      layout_loops_cross, chequers_ecumenical_altar_simple_redux

Skill      XL: |  1  2 |
---------------+-------+-----
Fighting       | 4 |  4.2
Armour         | 1 |  1.0
Axes           | |  4.6
Dodging        | |  2.4
Stealth        | |  1.5

Action                   || total
-------------------------++-------
Melee: Hand axe          ||    29
 Stab: Sleeping          ||     1
Dodge: Dodged            ||    18
Block: Kite shield       ||    10
